AoeStats
← TIMVP

Arabia

509971674Analyzed
2v2 RM · 2d ago on Sep 28, 2026· 46m 56s· 4 players
Game mode
Random Map
Map size
Medium (4 player)
Population
200
Speed
Normal
Resources
Standard
Victory
Conquest
Starting age
Dark Age
Ending age
Imperial Age
RankedLock teamsTeams togetherTeam positionsShared explorationLock speedFull tech treeHidden civsTurbo modeCheats
Victory
Defeat
🇨🇴 Varangians · Colombia
808
+14
🇨🇴 Mongols · Colombia
807
+14
🇵🇪 Danes · Peru
773
-14
🇵🇪 Spanish · Peru
754
-14
deivyrestrepopalacio
0:52 Loom
11:32 Feudal Age
12:35 Double-Bit Axe
16:46 Horse Collar
21:47 Castle Age
20:54 Stone Mining
20:55 Gold Mining
24:02 Town Watch
26:07 Wheelbarrow
30:11 Imperial Age
29:39 Heavy Plow
29:08 Light Cavalry
29:58 Bloodlines
29:50 Husbandry
32:12 Bow Saw
34:34 Gold Shaft Mining
34:34 Stone Shaft Mining
33:32 Capped Ram
34:40 Conscription
34:52 Siege Ram
36:15 Hussar
38:50 Drill
39:21 Siege Engineers
39:14 Murder Holes
42:20 Parthian Tactics
42:02 Thumb Ring
41:18 Elite Skirmisher
44:50 Forging
44:30 Fletching
44:41 Padded Archer Armor
44:47 Scale Barding Armor
juliandavid3907
0:30 Loom
10:45 Feudal Age
11:33 Double-Bit Axe
16:29 Castle Age
14:37 Horse Collar
15:59 Gold Mining
16:57 Bloodlines
17:03 Scale Barding Armor
20:13 Forging
26:57 Wheelbarrow
33:15 Imperial Age
31:52 Bow Saw
33:05 Stone Mining
34:25 Heavy Mounted Crossbowman
35:34 Chain Barding Armor
34:50 Cranequins
36:12 Elite Skirmisher
36:50 Town Watch
37:56 Ballistics
39:11 Fletching
40:02 Plate Barding Armor
40:10 Light Cavalry
41:06 Bodkin Arrow
42:12 Bracer
43:18 Guilds
43:55 Hussar
46:56 Chemistry
45:59 Padded Archer Armor
TIMVP
12:10 Feudal Age
12:46 Double-Bit Axe
13:43 Wheelbarrow
12:55 Horse Collar
22:04 Castle Age
23:46 Pikeman
24:35 Scale Mail Armor
24:50 Loom
31:58 Imperial Age
30:59 Chain Mail Armor
30:55 Forging
30:51 Squires
33:34 Conscription
34:31 Hand Cart
37:30 Bow Saw
38:08 Halberdier
45:15 Iron Casting
A†ilA
13:58 Feudal Age
15:21 Wheelbarrow
16:59 Double-Bit Axe
19:25 Horse Collar
22:37 Loom
25:51 Castle Age
36:14 Bow Saw
Connection lost

Rejoining the realm…

Still unreachable

The connection could not be restored.

Session expired

The server has moved on; the page needs a fresh start.